Introsp3ctive, lawful female human Knight ---. . ^ ----...-*. --.|.....- |........-- .|<........| ......--...| --...--|-..- ^ ----- |.... ---.... |.u%.- |@G..| ---..| ---- Introsp3ctive the Esquire Experience level: 4 Strength: 15 Dexterity: 8 Constitution: 12 Intelligence: 10 Wisdom: 15 Charisma: 17 Health: 0(38) Energy: 26(26) Def: 10 Gold: 402 Moves: 2240 Dungeon seed: o1rm2ZsrYGVqAoJP Game ID: Introsp3ctive_1469135767 Your Inventory: Coins $ - 402 gold pieces Weapons a - a +1 long sword (weapon in hand) b - a +1 lance A - 5 cursed +0 darts Armor e - an uncursed +1 ring mail (being worn) l - a blessed +0 pair of leather gloves (being worn) n - an uncursed +0 helmet (being worn) q - an uncursed +0 small shield (being worn) y - a blessed +2 pair of kicking boots (being worn) Comestibles d - 10 uncursed apples f - 10 uncursed carrots p - an uncursed tripe ration z - an uncursed food ration Scrolls j - a cursed scroll of light m - 2 uncursed scrolls of scare monster Potions t - an uncursed potion of gain ability Wands c - a wand of undead turning (0:5) C - a wand of digging (0:8) Tools i - an uncursed towel o - a bag of tricks (0:6) r - an uncursed skeleton key v - an uncursed leash B - 5 uncursed partly used wax candles (lit) (0:368) Spells and supernatural/magical abilities: Name Level Category Fail Memory W - pray for help -- divine ? -- X - turn undead -- divine ? -- Y - supernatural jump -- ability ? -- Your skills at the end: Miscellaneous Skills shield [Basic] wands [Basic] riding [Basic] Weapon Skills long sword [Basic] polearms [Basic] Spellcasting Skills Final Attributes: You were fervently aligned. You could jump. You are dead. Vanquished creatures: a rock mole 2 gnome lords a gnomish wizard a kobold mummy 2 golden naga hatchlings a kitten 2 dwarves 3 iguanas 2 giant bats a monkey an orc zombie 2 dwarf zombies an acid blob a gecko a hobgoblin a giant rat a yellow mold 10 gnomes 3 garter snakes a gnome zombie 3 jackals 2 foxes 3 newts 4 goblins 2 sewer rats 6 grid bugs 4 lichens a kobold zombie 63 creatures vanquished. Voluntary challenges: You did not adorn yourself with jewelry or accessories. You had been an atheist until turn 1945. You used a wielded weapon 59 times, starting on turn 53. You did not use containers. You did not apply a unicorn horn. You read items or engraved 1 time, starting on turn 1767. You never genocided any monsters. You never polymorphed an object. You never changed form. You used no wishes. You never split a pudding. You never wrote Elbereth's name. You never violated your personal moral code. Dungeon overview: The Dungeons of Doom: levels 1 to 5 Level 1 a long staircase Level 2 a potion shop Level 3 a fountain Level 4 a general store stairs to The Gnomish Mines Level 5 The Gnomish Mines: levels 5 to 6 Level 5 stairs to The Dungeons of Doom Level 6 <- You were here History has recorded: On T:1 you entered the Dungeons of Doom to retrieve the Amulet of Yendor! On T:320 you reached level 2 of The Dungeons of Doom. On T:545 you advanced to experience level 2. On T:675 you reached level 3 of The Dungeons of Doom. On T:1099 you reached level 4 of The Dungeons of Doom. On T:1236 you reached level 5 of The Dungeons of Doom. On T:1295 you advanced to experience level 3. On T:1797 you reached level 1 of The Gnomish Mines. On T:1933 you advanced to experience level 4. On T:2186 you reached level 2 of The Gnomish Mines. Score breakdown: Gold: 402 ( 40 points) Experience: 4 levels ( 300 points) Exploration: 6 levels ( 150 points) Discoveries: 2 items ( 100 points) Variety of kills: 28 monsters ( 1400 points) Major goal: (nothing yet) ( 0 points) Survival: died (score multiplied by 3) Total score: 5970 Latest messages: Lulu kicks the gnome lord. Lulu bites the gnome lord. The gnome lord punches Lulu. Lulu kicks the gnome lord. The gnome lord is killed! The gnome king punches you! The gnome king picks up a yellow gem. You begin praying to Lugh. You are surrounded by a shimmering light. The gnome king starts to attack you, but pulls back. (2x) You feel that Lugh is pleased. Your stomach feels content. You are carrying too much to jump! You hear some noises. You drop 12 darts. Your movements are now unencumbered. The gnome king misses. Where do you want to jump? You bump into a gnome king. You see here 12 darts. The gnome king punches you! You die... Final status: Fare thee well Introsp3ctive the Knight, killed by a gnome king, while jumping around... You died in The Gnomish Mines on dungeon level 6 with 5970 points, and 402 pieces of gold, after 2240 moves. You were level 4 with a maximum of 38 hit points when you died.